 Dungeon Crawl Stone Soup version 0.27.1-1-g398f81649c (webtiles) character file.

Game seed: 7547010133787216793

133 nxtlvl the Ruffian (level 4, -6/44 HPs)
             Began as a Troll Abyssal Knight on Sept 6, 2021.
             Was a Believer of Lugonu.
             Killed from afar by a white imp (9 damage)
             ... with a puff of frost
             ... summoned by Eustachio
             ... on level 5 of the Dungeon.
             The game lasted 00:03:25 (566 turns).

nxtlvl the Ruffian (Troll Abyssal Knight)            Turns: 566, Time: 00:03:26

Health: -6/44      AC:  4    Str: 20    XL:     4   Next: 94%
Magic:  4/4        EV:  9    Int:  9    God:    Lugonu [**....]
Gold:   57         SH:  0    Dex:  9    Spells: 3/3 levels left

rFire    . . .     SeeInvis .     - Unarmed
rCold    . . .     Faith    .   (no shield)
rNeg     . . .     Spirit   .   a - +0 robe
rPois    .         Reflect  .   (helmet restricted)
rElec    .         Harm     .   (no cloak)
rCorr    .         Rampage  .   (gloves unavailable)
Will     .....                  (boots unavailable)
Stlth    +.........             (no amulet)
HPRegen  1.14/turn              (no ring)
MPRegen  0.09/turn              (no ring)

@: flying
A: large, unfitting armour, claws 3, regeneration 1, shaggy fur 1, tough skin 1
a: Renounce Religion, Depart the Abyss, Bend Space


You were on level 5 of the Dungeon.
You worshipped Lugonu.
Lugonu was pleased with you.
You visited 1 branch of the dungeon, and saw 5 of its levels.
You visited the Abyss 1 time.

You collected 57 gold pieces.

Inventory:

Missiles
 e - 4 poisoned darts
Armour
 a - a +0 robe (worn)
Wands
 g - a wand of mindburst (9)
Scrolls
 c - a scroll of enchant weapon {unknown}
 d - a scroll of blinking {unknown}
Potions
 b - a potion of flight
 f - a potion of mutation {unknown}
 h - a potion of might {unknown}


   Skills:
 - Level 2.4 Fighting
 - Level 1.9 Dodging
 * Level 5.2 Unarmed Combat
 - Level 1.5 Invocations


You had 3 spell levels left.
You didn't know any spells.
Your spell library was empty.

Dungeon Overview and Level Annotations

Branches:
Dungeon (5/15)
 Temple: D:4-7

Altars:
The Shining One

Annotations:
D:5 Eustachio


Innate Abilities, Weirdness & Mutations

You are too large for most types of armour.
You have claws for hands.
Your natural rate of healing is unusually fast.
You are covered in fur. (AC +1)
You have tough skin. (AC +1)


Message History

Found a scroll labelled ZISTUER OSE.
Eustachio barely misses you.
You scratch Eustachio but do no damage. Eustachio barely misses you.
You miss Eustachio.
Eustachio gestures wildly while chanting.
You closely miss Eustachio. Eustachio hits you with a +0 rapier!
You scratch Eustachio but do no damage. The white imp hits you.
The white imp freezes you.
You closely miss Eustachio.
Eustachio mumbles some strange words.
Eustachio blinks!
The white imp hits you. The white imp freezes you.
You scratch the shadow imp.
The shadow imp is lightly wounded.
The white imp gestures at you. The puff of frost hits you.
The shadow imp hits you but does no damage.
You claw the shadow imp!
You kill the shadow imp!
The white imp gestures at you. The puff of frost hits you.
You scratch Eustachio but do no damage. Eustachio closely misses you.
The white imp closely misses you.
You scratch Eustachio.
Eustachio is lightly wounded.
Eustachio hits you but does no damage. The white imp gestures at you.
The puff of frost hits you!
* * * LOW HITPOINT WARNING * * *
You barely miss Eustachio.
Eustachio is lightly wounded.
Eustachio hits you with a +0 rapier.
* * * LOW HITPOINT WARNING * * *
The white imp hits you but does no damage.
It was a potion of flight.
You feel very buoyant.
You fly up into the air.
Eustachio hits you with a +0 rapier.
* * * LOW HITPOINT WARNING * * *
The white imp gestures at you. The puff of frost hits you!
You die...

........ ......#.
....... ........ .......
......# ....... #.....#
....... ......# ..?....
####### ....... #
###############.(..... #
#............5@@......
###.#################..#
#...# #.### ..# ###


You could see Eustachio and a white imp (summoned).

Vanquished Creatures
  A hound (D:5)
  A bullfrog zombie (D:5)
  An orc wizard (D:4)
  An adder (D:3)
  3 orcs (D:4)
  2 bats
  3 endoplasms
  2 giant cockroaches
  4 hobgoblins
  5 kobolds
  2 ball pythons (D:1)
  A frilled lizard (D:1)
  A goblin (D:2)
  2 rats
29 creatures vanquished.

Vanquished Creatures (others)
  An orc priest (D:4)
1 creature vanquished.

Grand Total: 30 creatures vanquished

Notes
Turn   | Place    | Note
-------+----------+-------------------------------------------
     0 | Abyss:1  | nxtlvl the Troll Abyssal Knight began the quest for the
                  | Orb.
     0 | Abyss:1  | Reached XP level 1. HP: 22/22 MP: 1/1
    12 | D:1      | Escaped the Abyss
   226 | D:1      | Reached XP level 2. HP: 26/27 MP: 2/2
   258 | D:1      | Reached skill level 3 in Unarmed Combat
   281 | D:1      | Found a faded altar of an unknown god.
   373 | D:2      | Reached ** piety under Lugonu
   400 | D:3      | Reached XP level 3. HP: 27/36 MP: 3/3
   466 | D:4      | Reached skill level 4 in Unarmed Combat
   466 | D:4      | Reached XP level 4. HP: 20/44 MP: 4/4
   482 | D:5      | Entered Level 5 of the Dungeon
   492 | D:5      | Found a glowing golden altar of the Shining One.
   528 | D:5      | Reached skill level 5 in Unarmed Combat
   548 | D:5      | Noticed Eustachio
   566 | D:5      | Killed from afar by a white imp

Illustrated notes

Levels and vault maps discovered:
D:1:      evilmike_arrival_rings, layout_loops_corners,
          hellmonk_ecumenical_altar_lost_god
D:2:      layout_basic, basic_altar, minmay_diced_spiral
D:3:      layout_rooms, hangedman_decor_clover_reticule, uniq_sigmund
D:4:      layout_basic, mainiacjoe_overflow_surrounded_room,
          minmay_fractal_squares_diagonal_5, uniq_natasha
D:5:      layout_basic, tgw_fedhas, mainiacjoe_overflow_divided_tiny,
          mainiacjoe_overflow_swirl, minmay_temple_entry_tees,
          grunt_ministairs_1, eino_small_chamber_without_monster,
          hangedman_feature_mirror, chequers_hall_statues_corner_a,
          uniq_eustachio

Skill      XL: |  1  2  3  4 |
---------------+-------------+-----
Unarmed Combat | 3 4 5 |  5.2
Fighting       | |  2.4
Dodging        | |  1.9
Invocations    | |  1.5

Action                   |  1- 3 |  4- 6 || total
-------------------------+-------+-------++-------
Melee: Unarmed           |    68 |    37 ||   105
       Punch             |     1 |     1 ||     2
  Use: Potion            |       |     1 ||     1
Armor: Robe              |    25 |     9 ||    34
Dodge: Dodged            |    17 |    17 ||    34
